 Dungeon Crawl Stone Soup version 0.21.1-1-g345015fe64 (webtiles) character file.

96 Ivernyr the Charmwright (level 4, -3/34 HPs)
             Began as a Demonspawn Skald on Apr 25, 2018.
             Killed from afar by an orc wizard (9 damage)
             ... with a magic dart
             ... on level 3 of the Dungeon.
             The game lasted 00:03:24 (2430 turns).

Ivernyr the Charmwright (Demonspawn Skald)          Turns: 2430, Time: 00:03:24

Health: -3/34      AC:  3    Str: 11    XL:     4   Next: 41%
Magic:  7/7        EV: 12    Int: 14    God:
Gold:   102        SH:  0    Dex: 14    Spells: 2/7 levels left

rFire    . . .     SeeInvis .   a - +0 falchion
rCold    . . .     Gourm    .   (no shield)
rNeg     . . .     Faith    .   b - +0 leather armour
rPois    .         Spirit   .   (no helmet)
rElec    .         Reflect  .   (no cloak)
rCorr    .         Harm     .   (no gloves)
MR       .....                  (no boots)
Stlth    +.........             (no amulet)
HPRegen  0.11/turn              (no ring)
MPRegen  0.10/turn              (no ring)

@: no status effects
A: hooves 1
a: no special abilities


You were on level 3 of the Dungeon.
You were not hungry.

You visited 1 branch of the dungeon, and saw 3 of its levels.

You collected 102 gold pieces.

Inventory:

Hand Weapons
 a - a +0 falchion (weapon)
Armour
 b - a +0 leather armour (worn)
Scrolls
 e - 2 scrolls of fear {unknown}
 f - 2 scrolls of teleportation {unknown}
 g - 2 scrolls of immolation {unknown}
 h - a scroll of remove curse {unknown}
 l - a scroll of noise {unknown}
 m - a scroll of enchant armour {unknown}
 n - a scroll of amnesia {unknown}
Potions
 i - a potion of curing
 j - a potion of brilliance {unknown}
 k - a potion of flight {unknown}
Books
 c - a book of Battle

   Spells                             Type                      Level
   a - Infusion                       Charms                       1
   b - Shroud of Golubria             Charms/Translocation         2
   c - Song of Slaying                Charms                       2
   d - Spectral Weapon                Hexes/Charms                 3
   e - Regeneration                   Charms/Necromancy            3
Comestibles
 d - 4 rations
 o - 2 chunks of flesh


   Skills:
 + Level 2.8 Fighting
 - Level 1.7 Long Blades
 * Level 2.8 Armour
 - Level 1.7 Dodging
 - Level 2.0 Spellcasting
 + Level 3.2 Charms


You had 2 spell levels left.
You knew the following spells:

 Your Spells              Type           Power        Failure   Level  Hunger
a - Shroud of Golubria    Chrm/Tloc      #.........   24%         2    ###....
b - Song of Slaying       Chrm           ##......     12%         2    ###....
c - Infusion              Chrm           ##..         8%          1    ##.....


Dungeon Overview and Level Annotations

Branches:
Dungeon (3/15)

Altars:
Hepliaklqana
Wu Jian
Xom
Yredelemnul


Innate Abilities, Weirdness & Mutations

You have large cloven feet.


Message History

You hear some strange, mumbled words.
A puff of flame appears from out of thin air!
The puff of flame misses you. Something hits you but does no damage.
You miss something. Something hits you but does no damage.
You barely miss something.
You hear some strange, mumbled words.
A puff of flame appears from out of thin air!
The puff of flame misses you.
You hit something but do no damage. You kick something.
Something hits you but does no damage.
You barely miss something. Something hits you.
* * * LOW HITPOINT WARNING * * *
You hit something but do no damage.
Something hits you but does no damage. x2
You hit something but do no damage. Something hits you.
* * * LOW HITPOINT WARNING * * *
You hit something but do no damage. Your kick misses something.
You hear some strange, mumbled words.
A magic dart appears from out of thin air!
The magic dart hits you!
You die...

##.. ##..#
########## ####..##
#........####.......
.
#......$.>....##.###
#._
#.........######.#
#..#.....!.[.# #.#
#.....)....## #.#
###..@)....# #..
#.[.{....# ...
#........# .#.
...<........#
###.#.####.... #...#
....# ###.# ....# #.
#.. .. #. #.


There were no monsters in sight!

Vanquished Creatures
  4 adders
  An ooze (D:1)
  A worm (D:2)
  A dart slug (D:1)
  3 leopard geckos
  2 orcs (D:3)
  A ball python (D:3)
  3 bats
  6 giant cockroaches
  6 goblins
  2 hobgoblins
  4 kobolds
  A quokka (D:3)
  7 frilled lizards
  6 rats
48 creatures vanquished.

Notes
Turn   | Place    | Note
-------+----------+-------------------------------------------
     0 | D:1      | Ivernyr the Demonspawn Skald began the quest for the Orb.
     0 | D:1      | Reached XP level 1. HP: 16/16 MP: 3/3
     4 | D:1      | Reached skill level 1 in Armour
   246 | D:1      | Gained mutation: You have large cloven feet. [demonic ancestry]
   246 | D:1      | Reached XP level 2. HP: 18/22 MP: 5/5
   926 | D:2      | Reached skill level 3 in Charms
   944 | D:2      | Reached XP level 3. HP: 23/28 MP: 6/6
   948 | D:2      | Learned a level 2 spell: Song of Slaying
   951 | D:2      | Learned a level 2 spell: Shroud of Golubria
  1149 | D:2      | Found a shimmering altar of Xom.
  1151 | D:2      | Found an ornate altar of the Wu Jian Council.
  1151 | D:2      | Found a deep blue altar of Sif Muna.
  1154 | D:2      | Found a shimmering altar of Xom.
  1154 | D:2      | Found a basalt altar of Yredelemnul.
  1154 | D:2      | Found a shimmering altar of Xom.
  2070 | D:3      | HP: 1/28 [ball python (1)]
  2285 | D:3      | Reached XP level 4. HP: 29/34 MP: 4/7
  2417 | D:3      | Found a hazy altar of Hepliaklqana.
  2430 | D:3      | Killed from afar by an orc wizard

Skill      XL: |  1  2 |
---------------+-------+-----
Armour         | 1 2 |  2.8
Charms         | 3 |  3.2
Fighting       | |  2.8
Long Blades    | |  1.7
Dodging        | |  1.7
Spellcasting   | |  2.0

Action                   |  1- 3 |  4- 6 || total
-------------------------+-------+-------++-------
Melee: Falchion          |    97 |    32 ||   129
       Kick              |    23 |    10 ||    33
 Cast: Shroud of Golubri |     2 |       ||     2
  Use: Potion            |     1 |       ||     1
  Eat: Chunk             |     2 |       ||     2
       Ration            |     1 |       ||     1
Armor: Leather armour    |    32 |    11 ||    43
Dodge: Dodged            |    64 |    16 ||    80
       Rpst.: Falchion   |    19 |     6 ||    25
